 Dungeon Crawl Stone Soup version 0.30-a0-414-gcb316572d5 (webtiles) character file.

Game seed: 10884830297560002821

4 McMuffin the Trooper (level 1, 0/20 HPs)
             Began as a Hill Orc Fighter on Dec 7, 2022.
             Slain by a jackal (2 damage)
             ... on level 1 of the Dungeon.
             The game lasted 00:00:23 (22 turns).

McMuffin the Trooper (Hill Orc Fighter)               Turns: 22, Time: 00:00:23

Health: 0/20       AC:  6    Str: 18    XL:     1   Next: 60%
Magic:  1/1        EV:  9    Int:  8    God:
Gold:   0          SH:  4    Dex: 10    Spells: 0/0 levels left

rFire   . . .      SeeInvis .    a - +0 war axe
rCold   . . .      Faith    .    c - +0 buckler
rNeg    . . .      Spirit   .    b - +0 scale mail
rPois   .          Reflect  .    (no helmet)
rElec   .          Harm     .    (no cloak)
rCorr   .          Rampage  .    (no gloves)
Will    .....                    (no boots)
Stlth   ..........               (no amulet)
HPRegen 0.23/turn                (no ring)
MPRegen 0.07/turn                (no ring)

@: no status effects
A: no striking features
a: no special abilities


You were on level 1 of the Dungeon.
You visited 1 branch of the dungeon, and saw 1 of its levels.

Inventory:

Hand Weapons
 a - a +0 war axe (weapon)
Armour
 b - a +0 scale mail (worn)
 c - a +0 buckler (worn)
Potions
 d - a potion of might


   Skills:
 + Level 3.8 Fighting
 + Level 2.7 Axes
 + Level 3.3 Armour
 + Level 3.4 Shields


You couldn't memorise any spells.
You didn't know any spells.
Your spell library was empty.

Dungeon Overview and Level Annotations

Branches:
Dungeon (1/15)

Altars:


Message History

The jackal bites you.
The jackal bites you but does no damage.
The kobold closely misses you.
The jackal bites you but does no damage.
The jackal closely misses you.
You closely miss the kobold. You closely miss the jackal. x2
The jackal bites you but does no damage.
The jackal barely misses you. The kobold barely misses you.
The jackal barely misses you. You block the jackal's attack.
You slash the kobold!
You kill the kobold!
You miss the jackal. You barely miss the jackal. You block the jackal's attack.
The jackal bites you but does no damage.
The jackal bites you. x2
You closely miss the jackal. You slash the jackal!
You kill the jackal!
You hit the jackal.
The jackal pauses to sniff the ground.
You block the jackal's attack. The jackal barely misses you.
The jackal closely misses you. The jackal bites you.
* * * LOW HITPOINT WARNING * * *
The jackal bites you but does no damage.
You hit the jackal.
The jackal is severely wounded.
You completely miss the jackal. The jackal bites you.
* * * LOW HITPOINT WARNING * * *
The jackal bites you but does no damage.
The jackal closely misses you. x2
You hit the jackal but do no damage.
The jackal is severely wounded.
You closely miss the jackal. You block the jackal's attack.
The jackal barely misses you.
An endoplasm comes into view.
The jackal bites you but does no damage.
You barely miss the jackal.
The jackal is severely wounded.
You hit the jackal.
The jackal bites you but does no damage. x2
The jackal bites you.
You die...

# #..#### #.
......
##.##....# #.
..h...# ♣♣♣♣
#..#.....#♣P♣P.
#J ....#.#P.P..
#. #..#.#P.♣PP
#h###.$..#PP.PP
#.@h.....#.P.P.
#.†##....#.♣P♣
#......<.#♣♣
...####...#PP♣
..## #...#.P..P
### #...#P♣..P
#.#.#P♣..♣
#)#.#..P .
#...#.PP.


You could see an endoplasm and 2 jackals.

Vanquished Creatures
  2 jackals (D:1)
  A kobold (D:1)
3 creatures vanquished.

Notes
Turn   | Place    | Note
-------+----------+-------------------------------------------
     0 | D:1      | McMuffin the Hill Orc Fighter began the quest for the Orb.
     0 | D:1      | Reached XP level 1. HP: 19/19 MP: 1/1
    22 | D:1      | Slain by a jackal

Illustrated notes

Levels and vault maps discovered:
D:1:      minmay_arrival_arboretum_small, layout_basic, serial_bayou_crossing

Action                   || total
-------------------------++-------
Melee: War axe           ||    14
Armor: Scale mail        ||    17
Dodge: Dodged            ||    21
Block: Buckler           ||     6

Table legend: (Time is in decaauts)
 A = Elapsed time spent in this place.
 B = Non-inter-level travel time spent in this place.
 C = Inter-level travel time spent in this place.
 D = Time resting spent in this place.
 E = Time spent auto-exploring this place.
 F = Levels seen in this place.
 G = Mean time per level.
                   A        B        C        D        E       F      G
               +--------+--------+--------+--------+--------+-----+--------+
         Total |     27 |     27 |      0 |      0 |      0 |   1 |   27.0 |
       Dungeon |     27 |     27 |      0 |      0 |      0 |   1 |   27.0 |
               +--------+--------+--------+--------+--------+-----+--------+

Top non-repeatable levels by time:
     D:1: 27 daAuts
